 Dungeon Crawl Stone Soup version 0.29-a0-384-g6960b1960d (webtiles) character file.

Game seed: 5353918991519340351

165 bastard the Magician (level 5, -6/35 HPs)
             Began as a Djinni Fire Elementalist on May 7, 2022.
             Killed from afar by Ijyb (16 damage)
             ... with an iceblast
             ... on level 4 of the Dungeon.
             The game lasted 00:03:48 (4926 turns).

bastard the Magician (Djinni Fire Elementalist)     Turns: 4926, Time: 00:03:48

Health: -6/35      AC:  3    Str:  7    XL:     5   Next: 75%
Gold:   136        EV: 12    Int: 19    God:
                   SH:  0    Dex: 13

rFire   + + .      SeeInvis .   (no weapon)
rCold   x . .      Faith    .   (no shield)
rNeg    . . .      Spirit   .   a - +0 robe
rPois   ∞          Reflect  .   (no helmet)
rElec   .          Harm     .   g - +0 cloak
rCorr   .          Rampage  .   (no gloves)
Will    .....                   (boots unavailable)
Stlth   ++........              (no amulet)
HPRegen 0.11/turn               (no ring)
MPRegen 0.00/turn               (no ring)

@: flying
A: sickness immunity, fire resistance 2, cold vulnerability 1, float, innate
caster, HP casting, extra vitality 1
a: no special abilities


You were on level 4 of the Dungeon.
You visited 1 branch of the dungeon, and saw 4 of its levels.

You collected 136 gold pieces.

Inventory:

Armour
 a - a +0 robe (worn)
 g - a +0 cloak (worn)
Magical Staves
 b - a staff of air
Wands
 f - a wand of flame (9)
Potions
 c - 2 potions of might
 d - 2 potions of brilliance
 e - 2 potions of heal wounds {unknown}
 h - a potion of curing {unknown}
 i - a potion of magic {unknown}
 j - 2 potions of invisibility {unknown}
 k - a potion of attraction {unknown}
 l - a potion of flight {unknown}


   Skills:
 - Level 2.1 Dodging
 - Level 1.5 Stealth
 + Level 4.6 Spellcasting


You couldn't memorise any spells.
You knew the following spells:

 Your Spells              Type           Power      Damage    Failure   Level
a - Foxfire               Conj/Fire      88%        2x1d8     1%          1
b - Scorch                Fire           44%        2d7       3%          2
c - Conjure Flame         Conj/Fire      22%        6-21      6%          3
d - Inner Flame           Hex/Fire       22%        N/A       6%          3
e - Flame Wave            Conj/Fire      22%        2d7       19%         4
f - Shock                 Conj/Air       88%        1d8       1%          1
g - Static Discharge      Conj/Air       22%        N/A       3%          2
Your spell library was empty.

Dungeon Overview and Level Annotations

Branches:
Dungeon (4/15)
 Temple: D:4-7

Altars:
Okawaru

Annotations:
D:3 exclusion: downstairs
D:4 Ijyb


Innate Abilities, Weirdness & Mutations

You are immune to sickness and miasma.
You are immune to poison.
Your flesh is very heat resistant. (rF++)
You are vulnerable to cold. (rC-)
You float through the air rather than walking.
You learn spells naturally, not from books.
Your magical power is your life essence.
You have superior vitality. (+4 MHP)


Message History

a +0 short sword; an orc corpse You see here a +0 dagger.
Things that are here:
a +0 trident; an orc corpse A jackal comes into view. x2
The jackal moves out of view.
You conjure some foxfire!
The jackal barks!
You conjure some foxfire!
The foxfire hits the jackal.
The jackal is severely wounded.
You conjure some foxfire!
The foxfire hits the jackal.
You kill the jackal!
The foxfire hits the jackal but does no damage.
Your foxfire dissipates!
The foxfire hits the jackal.
The jackal is heavily wounded.
You conjure some foxfire!
The foxfire hits the jackal.
The jackal is severely wounded.
Casting: Foxfire (safe; 1% risk of failure)
Confirm with . or Enter, or press ? or * to list all spells.
Flames lash Ijyb.
Ijyb is moderately wounded.
Ijyb's fire resistance burns away.
The jackal completely misses you.
Ijyb zaps a wand.
The mass of ice explodes!
The iceblast engulfs the jackal!
The jackal dies!
The iceblast engulfs you!!
You feel a painful chill!
Ouch! That really hurt!
* * * LOW HITPOINT WARNING * * *
Your foxfire dissipates!
You hear an angry hiss.
You hear a shout!
Okay, then.
You aren't carrying any scrolls.
Casting: Scorch (safe; 3% risk of failure)
Confirm with . or Enter, or press ? or * to list all spells.
Okay, then.
Ijyb is no longer more vulnerable to fire.
Ijyb zaps a wand.
The mass of ice explodes!
The iceblast engulfs you!
You feel a painful chill!
You die...

#.#..# #.# #. #.#..#
#.# #. #.#..# #.# ##.
#....###.# #..##
##.....##.###
#...#####..#...##....
#.#.................)
#...#.#######.#######
###.@.# #.# # #.###
#.# # #.# #.# #
#.####### #.# #
#g.$..... .. #
....g....###### ..
....###.... .. #.####
...


You could see Ijyb.

Vanquished Creatures
  Jessica (D:3)
  Terence (D:2)
  3 adders
  A worm (D:3)
  A dart slug (D:3)
  8 orcs
  4 ball pythons
  8 endoplasms
  2 giant cockroaches
  5 goblins
  8 hobgoblins
  9 jackals
  2 quokkas
  5 bats
  4 frilled lizards
  3 kobolds
  3 rats
68 creatures vanquished.

Vanquished Creatures (collateral kills)
  15 foxfires (D:1)
15 creatures vanquished.

Vanquished Creatures (others)
  A jackal (D:4)
  334 foxfires
335 creatures vanquished.

Grand Total: 418 creatures vanquished

Notes
Turn   | Place    | Note
-------+----------+-------------------------------------------
     0 | D:1      | bastard the Djinni Fire Elementalist began the quest for
                  | the Orb.
     0 | D:1      | Reached XP level 1. HP: 15/15 MP: 0/0
   351 | D:1      | Found a faded altar of an unknown god.
   552 | D:1      | Reached XP level 2. HP: 17/21 MP: 0/0
  1192 | D:1      | You are sucked into a shaft and drop 1 floor!
  1195 | D:2      | Reached skill level 3 in Spellcasting
  1551 | D:2      | Reached XP level 3. HP: 19/25 MP: 0/0
  1551 | D:2      | Learned a level 1 spell: Shock
  2207 | D:2      | Noticed Terence
  2219 | D:2      | Killed Terence
  2220 | D:2      | Reached XP level 4. HP: 2/31 MP: 0/0
  3401 | D:3      | Reached skill level 4 in Spellcasting
  3535 | D:3      | Noticed Jessica
  3541 | D:3      | Killed Jessica
  3542 | D:3      | Reached XP level 5. HP: 28/35 MP: 0/0
  3542 | D:3      | Learned a level 2 spell: Static Discharge
  4023 | D:3      | Found an iron altar of Okawaru.
  4589 | D:4      | Noticed Ijyb
  4926 | D:4      | Killed from afar by Ijyb

Illustrated notes

Levels and vault maps discovered:
D:1:      amcnicky_arrival_blooded_trapdoor, layout_loops_corners,
          ebering_ecumenical_altar_petrified, minmay_hedge_maze,
          due_unseen_surprise
D:2:      layout_rooms, nicolae_elevator_lobby_plus, uniq_terence
D:3:      layout_basic, mainiacjoe_overflow_paths, chequers_hall_statues_y,
          minmay_misc_feat_square, uniq_jessica
D:4:      layout_loops_ring, nemelex_spade_bored_becter,
          minmay_temple_entry_statues_pillars, minmay_manual_maat, uniq_ijyb,
          uniq_blork_the_orc

Skill      XL: |  1  2  3  4 |
---------------+-------------+-----
Spellcasting   | 3 4 |  4.6
Dodging        | |  2.1
Stealth        | |  1.5

Action                   |  1- 3 |  4- 6 || total
-------------------------+-------+-------++-------
Melee: Unarmed           |     2 |     1 ||     3
 Cast: Foxfire           |   111 |   105 ||   216
       Scorch            |     1 |     1 ||     2
       Static Discharge  |       |     5 ||     5
  Use: Scroll            |     3 |     4 ||     7
Armor: Robe              |     2 |     1 ||     3
Dodge: Dodged            |     8 |    18 ||    26

Table legend: (Time is in decaauts)
 A = Elapsed time spent in this place.
 B = Non-inter-level travel time spent in this place.
 C = Inter-level travel time spent in this place.
 D = Time resting spent in this place.
 E = Time spent auto-exploring this place.
 F = Levels seen in this place.
 G = Mean time per level.
                   A        B        C        D        E       F      G
               +--------+--------+--------+--------+--------+-----+--------+
         Total |   4928 |   4786 |    142 |      0 |   4377 |   4 | 1232.0 |
       Dungeon |   4928 |   4786 |    142 |      0 |   4377 |   4 | 1232.0 |
               +--------+--------+--------+--------+--------+-----+--------+

Top non-repeatable levels by time:
     D:1: 1832 daAuts
     D:2: 1552 daAuts
     D:3: 1238 daAuts
     D:4: 304 daAuts
